 Dungeon Crawl Stone Soup version 0.29-a0-2-g12fcac58f8 (webtiles) character file.

Game seed: 12360444284164391895

108 sanka the Ducker (level 4, -7/32 HPs)
             Began as a Gnoll Wanderer on Jan 26, 2022.
             Mangled by an orc (8 damage)
             ... on level 2 of the Dungeon.
             The game lasted 00:03:28 (2545 turns).

sanka the Ducker (Gnoll Wanderer)                   Turns: 2545, Time: 00:03:28

Health: -7/32      AC:  3    Str:  9    XL:     4   Next: 87%
Magic:  6/8        EV: 14    Int: 14    God:
Gold:   71         SH:  0    Dex: 13    Spells: 8/9 levels left

rFire   . . .      SeeInvis .   c - +0 war axe
rCold   . . .      Faith    .   (no shield)
rNeg    . . .      Spirit   .   b - +0 robe
rPois   .          Reflect  .   (no helmet)
rElec   .          Harm     .   q - +0 cloak
rCorr   .          Rampage  .   (no gloves)
Will    +....                   (no boots)
Stlth   ++........              (no amulet)
HPRegen 0.10/turn               (no ring)
MPRegen 0.11/turn               i - ring of willpower

@: no status effects
A: fangs 1, strong nose, distributed training
a: no special abilities


You were on level 2 of the Dungeon.
You visited 1 branch of the dungeon, and saw 3 of its levels.

You collected 71 gold pieces.


Innate Abilities, Weirdness & Mutations

You have very sharp teeth.
Your uncanny sense of smell can sniff out nearby items.
Your experience applies equally to all skills.


   Skills:
 + Level 1.2 Fighting
 + Level 1.2 Short Blades
 + Level 1.2 Long Blades
 + Level 1.2 Axes
 + Level 1.2 Maces & Flails
 + Level 1.2 Polearms
 + Level 1.2 Staves
 + Level 1.2 Slings
 + Level 1.2 Bows
 + Level 1.2 Crossbows
 + Level 1.2 Throwing
 + Level 1.2 Armour
 + Level 6.6 Dodging
 + Level 1.2 Stealth
 + Level 1.2 Shields
 + Level 1.2 Unarmed Combat
 + Level 3.0 Spellcasting
 + Level 1.0 Conjurations
 + Level 1.0 Hexes
 + Level 2.3 Summonings
 + Level 1.0 Necromancy
 + Level 1.0 Translocations
 + Level 1.0 Transmutations
 + Level 1.0 Fire Magic
 + Level 5.5 Ice Magic
 + Level 1.0 Air Magic
 + Level 1.0 Earth Magic
 + Level 1.0 Poison Magic
 + Level 2.9 Invocations
 + Level 2.8 Evocations


You had 8 spell levels left.
You knew the following spells:

 Your Spells              Type           Power      Damage    Failure   Level
z - Freeze                Ice            68%        1d8       2%          1

Your spell library contained the following spells:

 Spells                   Type           Power      Damage    Failure   Level
 Summon Small Mammal      Summ           32%        N/A       9%          1
 Call Canine Familiar     Summ           8%         N/A       24%         3
 Hailstorm                Conj/Ice       11%        3d5       50%         4
 Ice Form                 Ice/Tmut       11%        N/A       50%         4

Inventory:

Hand Weapons
 a - a +0 dagger
 c - a +0 war axe (weapon)
Missiles
 f - 4 javelins
Armour
 b - a +0 robe (worn)
 q - a +0 cloak (worn)
Magical Staves
 r - a staff of conjuration {!a}
Jewellery
 i - a ring of willpower (right hand)
Wands
 n - a wand of iceblast (7)
Scrolls
 d - a scroll of vulnerability {unknown}
 g - 6 scrolls of identify {unknown}
 h - a scroll of enchant weapon {unknown}
 l - 2 scrolls of fear {unknown}
 m - 3 scrolls of enchant armour {unknown}
Potions
 e - a potion of berserk rage {unknown}
 j - a potion of might {unknown}
 k - 3 potions of lignification {unknown}
 o - a potion of magic {unknown}
 p - 2 potions of curing {unknown}

Dungeon Overview and Level Annotations

Branches:
Dungeon (3/15)

Altars:

▒.........▒.....▒
▒▒▒▒▒▒.▒..▒.▒▒▒▒▒
▒.▒▒.▒.▒ ▒....▒.▒
▒▒▒..▒.▒
▒▒▒▒....▒
▒....▒..▒
▒.▒▒▒▒oo▒
▒.▒▒▒▒▒g▒
▒▒▒.....▒o▒▒
▒..........▒
▒..........▒
▒..........▒
▒..........▒
▒..........▒
▒..........▒
▒..........▒


You could see an orc wizard and 2 orcs.


Message History

The orc wizard shouts!
You see here a staff of conjuration {!a}.
r - a staff of conjuration {!a} The orc wizard casts a spell at you.
You resist with almost no effort.
Items here: )) ††††.
There is a stone staircase leading up here.
The orc misses you.
There is a stone staircase leading up here.
The orc hits you but does no damage.
The orc wizard hits you with a +0 dagger.
The orc hits you with a +0 war axe. The orc closely misses you.
The orc wizard hits you with a +0 dagger.
You climb upwards.
There is a stone staircase leading down here.
Unknown command.
You freeze the orc wizard!
The orc wizard is heavily wounded.
The orc hits you with a +0 war axe!
* * * LOW HITPOINT WARNING * * *
The orc hits you with a +0 flail.
* * * LOW HITPOINT WARNING * * *
The orc wizard misses you.
You freeze the orc wizard.
The orc wizard is severely wounded.
The orc hits you with a +0 war axe!
* * * LOW HITPOINT WARNING * * *
The orc hits you with a +0 flail!
You die...

Action                   |  1- 3 |  4- 6 || total
-------------------------+-------+-------++-------
Melee: Dagger            |    28 |    10 ||    38
       Bite              |     2 |       ||     2
       Punch             |     1 |       ||     1
 Cast: Freeze            |    46 |    31 ||    77
 Stab: Sleeping          |     2 |       ||     2
Armor: Robe              |     9 |    10 ||    19
Dodge: Dodged            |    43 |    26 ||    69

Levels and vault maps discovered:
D:1:      dpeg_arrival_rooms_c, layout_basic,
          dreamdust_ecumenical_altar_statues, hangedman_decor_growths,
          minmay_rat_gold_closets
D:2:      cheibrodos_old_hovel, layout_basic
D:3:      layout_rooms, kennysheep_generic_room_15, uniq_ijyb, uniq_sigmund

Notes
Turn   | Place    | Note
-------+----------+-------------------------------------------
     0 | D:1      | sanka the Gnoll Wanderer began the quest for the Orb.
     0 | D:1      | sanka set off with the following items: a +0 dagger, a +0
                  | robe, a +0 cloak; and the following spells available to
                  | memorise: Freeze, Summon Small Mammal, Call Canine
                  | Familiar, Hailstorm, Ice Form
     0 | D:1      | Reached XP level 1. HP: 13/13 MP: 4/4
     2 | D:1      | Learned a level 1 spell: Freeze
   225 | D:1      | Reached skill level 2 in Summonings
   375 | D:1      | Found a faded altar of an unknown god.
   513 | D:1      | Reached XP level 2. HP: 19/19 MP: 5/5
  1381 | D:2      | Reached XP level 3. HP: 25/25 MP: 4/7
  1789 | D:2      | Reached skill level 1 in Fighting
  1789 | D:2      | Reached skill level 1 in Short Blades
  1789 | D:2      | Reached skill level 1 in Long Blades
  1789 | D:2      | Reached skill level 1 in Axes
  1789 | D:2      | Reached skill level 1 in Maces & Flails
  1789 | D:2      | Reached skill level 1 in Polearms
  1789 | D:2      | Reached skill level 1 in Staves
  1789 | D:2      | Reached skill level 1 in Slings
  1789 | D:2      | Reached skill level 1 in Bows
  1789 | D:2      | Reached skill level 1 in Crossbows
  1789 | D:2      | Reached skill level 1 in Throwing
  1789 | D:2      | Reached skill level 1 in Armour
  1789 | D:2      | Reached skill level 1 in Stealth
  1789 | D:2      | Reached skill level 1 in Shields
  1789 | D:2      | Reached skill level 1 in Unarmed Combat
  1789 | D:2      | Reached XP level 4. HP: 32/32 MP: 5/8
  1953 | D:2      | Reached skill level 3 in Spellcasting
  2202 | D:2      | Reached skill level 1 in Conjurations
  2202 | D:2      | Reached skill level 1 in Hexes
  2202 | D:2      | Reached skill level 1 in Necromancy
  2202 | D:2      | Reached skill level 1 in Translocations
  2202 | D:2      | Reached skill level 1 in Transmutations
  2202 | D:2      | Reached skill level 1 in Fire Magic
  2202 | D:2      | Reached skill level 1 in Air Magic
  2202 | D:2      | Reached skill level 1 in Earth Magic
  2202 | D:2      | Reached skill level 1 in Poison Magic
  2545 | D:2      | HP: 1/32 [orc (10)]
  2545 | D:2      | Mangled by an orc

Vanquished Creatures
  5 adders (D:2)
  A worm (D:2)
  2 dart slugs
  3 orcs
  2 endoplasms
  2 giant cockroaches
  5 goblins
  3 hobgoblins
  7 jackals
  2 quokkas (D:2)
  2 ball pythons (D:2)
  5 bats
  2 frilled lizards
  3 kobolds
  10 rats
54 creatures vanquished.
